 Dungeon Crawl Stone Soup version 0.16-a0-2702-gfff482a (webtiles) character file.

98853 stonewall the Thrower (level 15, -1/115 HPs)
             Began as a Mummy Arcane Marksman on Nov 25, 2014.
             Was a High Priest of Trog.
             Slain by a guardian serpent (12 damage)
             ... on level 2 of the Snake Pit.
             The game lasted 02:18:50 (45138 turns).

stonewall the Thrower (Mummy Arcane Marksman)      Turns: 45138, Time: 02:18:51

Health: -1/115     AC: 16    Str: 14    XL:     15   Next: 76%
Magic:  28/28      EV: 20    Int: 12    God:    Trog [*****.]
Gold:   1060       SH: 12    Dex: 23    Spells: 0 memorised, 16 levels left

rFire  . . .     SeeInvis +     a - +7 Spriggan's Knife {MR+ EV+4 Dex+4 Stlth+}
rCold  + + +     Clarity  .     w - +0 ring mail "Smouqir" {+Fly rC++ Stlth+}
rNeg   + + +     SustAb   .     K - +0 shield {reflect}
rPois  ∞         Gourm    .     T - +2 helmet
rElec  .         Spirit   .     L - +2 cloak {+Inv}
rCorr  .         Warding  .     i - +2 pair of gloves {Dex+3}
rMut   .         Stasis   .     v - +0 pair of boots
MR     ++++.                    S - amulet of faith
Stlth  +++.......               V - ring of see invisible
                                s - ring of protection from fire

@: contaminated, regenerating, glowing, invisible (but backlit and visible),
incredibly resistant to hostile enchantments, fairly stealthy
A: no food or potions, fire vulnerability, in touch with death, restore body,
cold resistance 1, negative energy resistance 3, poison resistance, torment
resistance, unbreathing
a: Self-Restoration, Burn Spellbooks, Trog's Hand, Brothers in Arms, Renounce
Religion, Turn Visible, Evoke Flight


You were on level 2 of the Snake Pit.
You worshipped Trog.
Trog was extremely pleased with you.
You were not hungry.

You visited 5 branches of the dungeon, and saw 30 of its levels.
You also visited: Ice Cave.

You collected 3221 gold pieces.
You spent 2161 gold pieces at shops.

Inventory:

Hand weapons
 a - the +7 Spriggan's Knife (weapon) {MR+ EV+4 Dex+4 Stlth+}
   (You bought it in a shop on level 9 of the Dungeon)

   It affects your evasion (+4).
   It affects your dexterity (+4).
   It affects your resistance to hostile enchantments.
   It makes you more stealthy.
 b - a +10 antimagic quick blade
 c - a +1 short sword of draining
 g - a +2 dagger of venom
 B - a +0 blowgun (quivered)
Missiles
 A - 5 curare-tipped needles
 H - 3 needles of frenzy
 P - 6 needles of sleeping
Armour
 e - a +0 buckler
 i - a +2 pair of gloves of dexterity (worn)
 v - a +0 pair of boots (worn)
 w - the +0 ring mail "Smouqir" (worn) {+Fly rC++ Stlth+}
   (You found it on level 14 of the Dungeon)

   It greatly protects you from cold.
   It lets you fly.
   It makes you more stealthy.
 K - a +0 shield of reflection (worn)
 L - a +2 cloak of invisibility (worn)
 Q - a +0 robe of fire resistance
 T - a +2 helmet (worn)
Jewellery
 m - an uncursed amulet of regeneration
 o - an uncursed ring of fire
 s - a ring of protection from fire (left hand)
 x - a +2 ring of dexterity
 y - a +2 ring of evasion
 I - a +3 ring of strength
 M - an uncursed ring of protection from fire
 S - an amulet of faith (around neck)
 V - a ring of see invisible (right hand)
 Y - an uncursed amulet of stasis {unknown}
Magical devices
 d - a wand of fire (0)
 p - a wand of confusion (31)
 r - a wand of fire (0)
 t - a wand of slowing (7)
 u - a wand of enslavement (0)
 z - a wand of fireball (0)
 C - a wand of draining (0)
 D - a wand of digging (15)
 F - a wand of fire (0)
 G - a wand of paralysis (0)
 O - a wand of flame (25)
 R - a wand of lightning (0)
 U - a wand of fire (0)
 W - a wand of polymorph (0)
Scrolls
 f - 12 scrolls of identify
 j - a scroll of magic mapping
 l - 2 scrolls of random uselessness
 n - 8 scrolls of teleportation
 q - 9 scrolls of remove curse
 J - 4 scrolls of enchant weapon
 N - a scroll of torment
 X - a scroll of fear
Books
 E - a book of Control

   Spells                             Type                      Level
   Control Teleport                   Charms/Translocation         4
   Control Undead                     Necromancy                   4
   Enslavement                        Hexes                        4
   Metabolic Englaciation             Hexes/Ice                    5
   Mass Confusion                     Hexes                        6
   Trog disapproves of the use of such an item.
 Z - a book of Minor Magic

   Spells                             Type                      Level
   Magic Dart                         Conjuration                  1
   Blink                              Translocation                2
   Call Imp                           Summoning                    2
   Repel Missiles                     Charms/Air                   2
   Slow                               Hexes                        2
   Conjure Flame                      Conjuration/Fire             3
   Mephitic Cloud                     Conjuration/Poison/Air       3
   Trog disapproves of the use of such an item.
Miscellaneous
 h - a lamp of fire (inert, charging)


   Skills:
 - Level 10.0 Fighting
 - Level 10.1 Short Blades
   Level 1.5(6.9) Slings
 - Level 10.6 Throwing
 - Level 3.0 Armour
 - Level 8.9 Dodging
 - Level 9.0 Stealth
 + Level 9.3 Shields
 - Level 1.0 Spellcasting
   Level 2.6 Hexes
 - Level 10.0 Evocations


You had 16 spell levels left.
You didn't know any spells.

Dungeon Overview and Level Annotations

Branches:
Dungeon (15/15)            Temple (1/1) D:5            Lair (8/8) D:9
  Swamp (0/5) Lair:4        Snake (2/5) Lair:3        Slime (0/6) Lair:7
    Orc (4/4) D:11            Elf (0/3) Orc:4        Vaults (0/5) D:13
 Depths (0/5) D:15

Altars:
Ashenzari
Cheibriados
Gozag
Kikubaaqudgha
Makhleb
Nemelex Xobeh
Okawaru
Trog
Vehumet
Xom
Yredelemnul
Zin
The Shining One

Shops:
D:9 ([==%   Orc:1 }   Orc:4 =?=?}

Annotations:
D:9 Erolcha
D:10 Gastronok
D:13 exclusions: ice statue and obsidian statue
D:14 Azrael
Lair:5 Nergalle
Lair:7 exclusion: oklob plant


Innate Abilities, Weirdness & Mutations

You do not eat or drink.
Your flesh is vulnerable to fire.
You are in touch with the powers of death.
You can restore your body by infusing magical energy.
Your flesh is cold resistant.
You are immune to negative energy.
Your system is resistant to poisons.
You are immune to unholy pain and torment.
You can survive without breathing.


Message History

The naga mage seems to speed up.
Unknown command.
Unknown command.
A black mamba comes into view.
The guardian serpent weaves intricate patterns with the tip of its tongue.
The naga mage blinks!
The guardian serpent blinks!
The guardian serpent blinks into view!
The salamander blinks into view!
Unknown command.
Unknown command.
Read which item? (? for menu, Esc to quit)
Blink to where?
Press: ? - help, Dir - move target cursor
As you read the scroll of blinking, it crumbles to dust.
You are contaminated with residual magic.
The guardian serpent casts a spell.
The naga mage blinks into view!
The guardian serpent blinks into view!
You block the guardian serpent's attack.
Your fire elemental misses the guardian serpent.
The guardian serpent hits you!
You die...

######.....## ##.......##.#
#..####.#...# #.## ##.#..## .
###.# ##..#..#
..####...###......#
.......>...........# ####
....#.#####....S....####..##
................@...........#
............#..N........#..##
.....#......#.........######
#...........###.E...###
##.....)....####§..##
............#...S§.# ###
....#...###...##E§.# .... ..#
###.# #...##§§.# ##..... # ##
#.###S#..§..####........


You could see 2 guardian serpents, a naga mage and 2 friendly fire elementals.

Vanquished Creatures
  Donald (Orc:4)
  Maud (Lair:5)
  Louise (D:14)
  Snorg (Lair:3)
  A fire dragon (D:15)
  Josephine (D:14)
  2 ice dragons
  Fannar (Lair:1)
  Harold (D:11)
  The ghost of Vidiiot the Grappler, an experienced TrWz of Makhleb (Lair:2)
  5 hydras
  2 centaur warriors
  Erica (Lair:1)
  An anaconda (Snake:1)
  2 ogre magi
  5 death yaks (Lair:7)
  A naga sharpshooter (Snake:1)
  A catoblepas (D:15)
  4 skeletal warriors (D:15)
  2 unseen horrors
  3 hill giants
  A naga ritualist (Snake:2)
  A lindwurm (D:13)
  2 orc knights
  A mana viper (Snake:2)
  3 manticores
  3 cyclopes
  5 ugly things
  10 elephants
  11 black mambas
  Maurice (D:9)
  A guardian serpent (shapeshifter) (D:13)
  A naga mage (Snake:2)
  Psyche (Orc:2)
  9 spiny frogs
  3 kobold demonologists
  2 centaur skeletons
  A queen bee (Lair:6)
  3 fire drakes
  8 komodo dragons
  Sonja (Orc:4)
  A freezing wraith (D:14)
  12 two-headed ogres
  16 blink frogs
  A wandering mushroom (Lair:7)
  A baby alligator (Lair:4)
  3 slime creatures (D:14)
  A boulder beetle (Lair:6)
  7 trolls
  4 basilisks
  A trapdoor spider (D:12)
  2 centaur simulacra (D:14)
  A death yak simulacrum (IceCv)
  7 hippogriffs
  30 yaks
  A wraith (D:14)
  A wyvern (D:8)
  3 deep elf magi
  A steam dragon (D:11)
  2 wargs
  7 fire bats (Lair:8)
  2 hungry ghosts
  7 wolves
  23 water moccasins
  A hell hound (D:14)
  The ghost of utis the Digger, an average DEEE (D:3)
  13 orc warriors
  17 porcupines
  13 ice beasts
  6 sky beasts
  7 nagas
  15 centaurs
  4 boggarts (D:15)
  A yellow wasp (D:11)
  3 black bears
  5 necrophages
  An eye of draining (D:14)
  2 phantoms
  31 ogres
  Sigmund (D:3)
  3 boring beetles
  3 big kobolds
  25 giant frogs
  14 crocodiles
  2 water moccasin zombies
  A wyvern zombie (D:13)
  46 killer bees
  A wyvern skeleton (D:6)
  2 scorpions
  8 wights
  3 goliath beetles
  2 electric eels (D:13)
  2 giant frog zombies
  9 crimson imps
  8 centaur zombies
  12 hounds
  22 orc wizards
  2 giant frog skeletons
  A gnoll shaman (D:6)
  12 iguanas
  3 jellies
  25 orc priests
  14 worker ants
  A killer bee zombie (D:8)
  A wolf simulacrum (IceCv)
  Ijyb (D:3)
  19 sheep
  A yellow wasp simulacrum (D:14)
  A hound zombie (D:8)
  3 gnolls (D:6)
  24 adders
  44 river rats
  2 worker ant zombies
  3 giant mites
  5 shadow imps
  5 white imps (IceCv)
  A worm (shapeshifter) (D:15)
  5 worms
  2 adder zombies
  2 adder skeletons
  10 giant geckos
  3 oozes
  164 orcs
  22 bats
  2 bat skeletons
  4 bat zombies
  4 giant cockroaches
  17 hobgoblins
  21 jackals
  9 quokkas
  6 ball pythons
  A giant cockroach zombie (D:6)
  2 giant gecko skeletons
  A giant gecko zombie (D:8)
  8 giant newts
  A giant spore (D:13)
  30 goblins
  A jackal zombie (D:5)
  33 kobolds
  21 rats
  8 ballistomycetes
1069 creatures vanquished.

Vanquished Creatures (collateral kills)
  5 hydras
  A naga warrior (Snake:2)
  3 ogre magi (Orc:4)
  2 death yaks
  A centaur warrior (D:14)
  A deep troll (D:13)
  A hill giant (D:10)
  An ugly thing (D:12)
  An orc sorcerer (Orc:4)
  A spiny frog (Lair:1)
  An efreet (D:15)
  A wolf spider simulacrum (IceCv)
  5 two-headed ogres (Orc:4)
  A queen bee (D:10)
  6 blink frogs
  4 yaks
  A death yak simulacrum (IceCv)
  A fire elemental (D:14)
  2 wolves (Lair:8)
  A warg (Orc:4)
  An orc warrior (D:10)
  6 ogres (Orc:4)
  A boring beetle (Lair:8)
  Blork the orc (D:10)
  A giant frog (Lair:4)
  7 killer bees
  A hound (Lair:1)
  3 orc priests
  An orc wizard (Orc:4)
  A river rat (Lair:8)
  An adder (D:9)
  4 orcs (Orc:4)
  A goblin (Orc:4)
  An orc zombie (Orc:4)
70 creatures vanquished.

Vanquished Creatures (others)
  A two-headed ogre (Lair:4)
  2 killer bees
  2 ogres
  An orc wizard (Orc:4)
  2 giant spores (D:10)
  A goblin (Orc:4)
  3 fungi
  7 plants
19 creatures vanquished.

Grand Total: 1158 creatures vanquished

Notes
Turn   | Place    | Note
--------------------------------------------------------------
     0 | D:1      | stonewall, the Mummy Arcane Marksman, began the quest for the Orb.
     0 | D:1      | Reached XP level 1. HP: 15/15 MP: 2/2
   284 | D:1      | Reached XP level 2. HP: 8/22 MP: 3/3
   800 | D:1      | Reached XP level 3. HP: 24/28 MP: 4/4
  1056 | D:2      | Reached skill level 1 in Short Blades
  1532 | D:2      | Reached XP level 4. HP: 26/34 MP: 5/5
  2033 | D:2      | Found a glowing golden altar of the Shining One.
  2807 | D:3      | Noticed Ijyb
  2822 | D:3      | Killed Ijyb
  2822 | D:3      | Reached skill level 3 in Short Blades
  2822 | D:3      | Reached XP level 5. HP: 31/40 MP: 7/7
  2966 | D:3      | Noticed utis' ghost (average DEEE)
  3217 | D:3      | Noticed Sigmund
  3220 | D:3      | Killed Sigmund
  3220 | D:3      | Reached skill level 4 in Short Blades
  3275 | D:3      | Killed utis' ghost
  3275 | D:3      | Reached XP level 6. HP: 41/46 MP: 8/8
  3469 | D:3      | Found an iron altar of Okawaru.
  3524 | D:3      | Noticed Grinder
  3530 | D:3      | Paralysed by Grinder for 6 turns
  3538 | D:3      | Noticed Grinder
  3538 | D:3      | Grinder changed into Grinder the crimson imp
  3574 | D:3      | Killed Grinder the crimson imp
  3852 | D:3      | Reached skill level 5 in Short Blades
  4129 | D:4      | Reached XP level 7. HP: 45/51 MP: 9/9
  4510 | D:5      | Entered Level 5 of the Dungeon
  4773 | D:5      | Found a staircase to the Ecumenical Temple.
  4868 | Temple   | Entered the Ecumenical Temple
  4877 | Temple   | Became a worshipper of Trog the Wrathful
  4993 | D:5      | Reached skill level 6 in Short Blades
  5074 | D:5      | Found a sparkling altar of Nemelex Xobeh.
  5579 | D:5      | Reached skill level 7 in Short Blades
  5619 | D:5      | Found a shattered altar of Ashenzari.
  5689 | D:5      | Acquired Trog's first power
  5689 | D:5      | Reached XP level 8. HP: 31/57 MP: 10/10
  5997 | D:6      | Got a jacinth-encrusted troll leather armour
  6004 | D:6      | Identified the +4 troll leather armour "Orchoaj" {rCorr Slay-4} (You found it on level 6 of the Dungeon)
  6162 | D:6      | Reached skill level 8 in Short Blades
  6829 | D:6      | Reached skill level 9 in Short Blades
  7192 | D:6      | Found a shimmering altar of Xom.
  7229 | D:6      | Acquired Trog's second power
  7459 | D:6      | Reached XP level 9. HP: 45/62 MP: 11/11
  7706 | D:7      | HP: 3/62 [orc warrior/scimitar of venom (10)]
  7832 | D:6      | HP: 1/62 [orc warrior/scimitar of venom (13)]
  8491 | D:7      | Reached skill level 10 in Short Blades
  8697 | D:7      | Reached skill level 1 in Stealth
  9041 | D:7      | Found a radiant altar of Vehumet.
  9745 | D:8      | Acquired Trog's third power
  9842 | D:8      | Received a gift from Trog
  9929 | D:8      | Found an ancient bone altar of Kikubaaqudgha.
  9929 | D:8      | Found an opulent altar of Gozag.
 10684 | D:8      | Reached XP level 10. HP: 5/69 MP: 13/13
 11401 | D:8      | Reached skill level 5 in Stealth
 11567 | D:8      | Reached skill level 5 in Dodging
 12680 | D:9      | Found Cruid's Jewellery Boutique.
 12895 | D:9      | Found Weucun's Food Emporium.
 13367 | D:9      | Found Xefiezoedaz's Armour Shop.
 13370 | D:9      | Noticed Maurice
 13394 | D:9      | Found a sparkling altar of Nemelex Xobeh.
 13409 | D:9      | Bought a +0 pair of boots for 54 gold pieces
 13409 | D:9      | Bought a +0 cloak for 54 gold pieces
 13432 | D:9      | Found Pnaisuaf's Jewellery Boutique.
 13669 | D:10     | Entered Level 10 of the Dungeon
 14376 | D:10     | Noticed a hill giant
 14391 | D:10     | Killed a hill giant
 14751 | D:10     | Noticed Gastronok
 15357 | D:10     | Reached XP level 11. HP: 4/74 MP: 14/14
 16062 | D:9      | Killed Maurice
 16482 | D:9      | Noticed Erolcha
 16736 | D:9      | Found Kecluph's Weapon Emporium.
 16799 | D:9      | Found a staircase to the Lair.
 16799 | D:9      | Noticed a death yak
 17044 | D:9      | Noticed Blork the orc
 17077 | D:10     | Killed Blork the orc
 17077 | D:10     | Received a gift from Trog
 17485 | D:9      | Found a shimmering altar of Xom.
 17945 | D:9      | Killed a death yak
 18115 | Lair:1   | Entered Level 1 of the Lair of Beasts
 18437 | Lair:1   | Noticed Fannar
 18447 | Lair:2   | Reached skill level 1 in Evocations
 18568 | Lair:1   | Killed Fannar
 18894 | Lair:1   | Noticed Erica
 18909 | Lair:1   | Killed Erica
 19092 | Lair:1   | Reached skill level 5 in Evocations
 19974 | Lair:2   | Noticed Vidiiot's ghost (experienced TrWz)
 20328 | Lair:1   | Received a gift from Trog
 20329 | Lair:1   | Reached XP level 12. HP: 74/80 MP: 22/22
 21872 | Lair:3   | Found a staircase to the Snake Pit.
 22086 | Lair:3   | Noticed Snorg
 22255 | Lair:3   | Killed Snorg
 22385 | Lair:3   | Reached skill level 10 in Evocations
 22505 | Lair:3   | Received a gift from Trog
 22961 | Lair:4   | Reached skill level 5 in Fighting
 23140 | Lair:4   | Noticed a six-headed hydra
 23205 | Lair:4   | Killed an eight-headed hydra
 23489 | Lair:4   | Found a staircase to the Swamp.
 24587 | Lair:4   | Noticed a four-headed hydra
 24600 | Lair:4   | Killed a four-headed hydra
 24602 | Lair:4   | Noticed a seven-headed hydra
 24613 | Lair:4   | Killed a nine-headed hydra
 24958 | Lair:5   | Reached XP level 13. HP: 67/98 MP: 26/26
 25069 | Lair:5   | Noticed an eight-headed hydra
 25075 | Lair:5   | Killed an eight-headed hydra
 25279 | Lair:5   | Noticed Nergalle
 25326 | Lair:5   | Noticed Maud
 25363 | Lair:5   | Killed Maud
 27158 | D:11     | Found a staircase to the Orcish Mines.
 27204 | Orc:1    | Entered Level 1 of the Orcish Mines
 27313 | Orc:1    | Found Axkuntia's Gadget Shop.
 27699 | Orc:1    | Received a gift from Trog
 27724 | Orc:1    | Reached skill level 10 in Fighting
 28564 | Orc:2    | Noticed Psyche
 28576 | Orc:2    | Killed Psyche
 29580 | Orc:3    | Received a gift from Trog
 30095 | D:9      | Bought the +7 Spriggan's Knife {MR+ EV+4 Dex+4 Stlth+} for 1086 gold pieces
 30157 | D:9      | Bought an uncursed amulet of regeneration for 390 gold pieces
 30157 | D:9      | Bought an uncursed ring of protection from fire for 325 gold pieces
 30992 | Lair:6   | Reached skill level 1 in Throwing
 31140 | Lair:6   | Received a gift from Trog
 31738 | Lair:6   | Reached skill level 5 in Throwing
 32362 | Lair:7   | Received a gift from Trog
 32573 | Lair:7   | Reached XP level 14. HP: 81/110 MP: 27/27
 32888 | Lair:7   | Found a staircase to the Slime Pits.
 33635 | Lair:8   | Entered Level 8 of the Lair of Beasts
 33636 | Lair:8   | Identified a scroll of acquirement
 33844 | Lair:8   | Received a gift from Trog
 34147 | Lair:8   | Received a gift from Trog
 34513 | Lair:8   | Received a gift from Trog
 35274 | Orc:4    | Entered Level 4 of the Orcish Mines
 35340 | Orc:4    | Noticed Donald
 35347 | Orc:4    | Killed Donald
 35707 | Orc:4    | Received a gift from Trog
 35828 | Orc:4    | Reached skill level 10 in Throwing
 35863 | Orc:4    | Found Ezxoriuw's Jewellery Emporium.
 35863 | Orc:4    | Found Leixuoga's Gadget Shop.
 35864 | Orc:4    | Found Ympuc's Magic Scroll Boutique.
 35864 | Orc:4    | Found Qelewni's Magic Scroll Emporium.
 35916 | Orc:4    | Received a gift from Trog
 36178 | Orc:4    | Found Klaodaw's Jewellery Shop.
 36217 | Orc:4    | Found a staircase to the Elven Halls.
 36217 | Orc:4    | Noticed Sonja
 36246 | Orc:4    | Killed Sonja
 36493 | Orc:4    | Received a gift from Trog
 36849 | D:9      | Bought 6 needles of sleeping for 42 gold pieces
 36886 | D:9      | Bought an uncursed ring of see invisible for 210 gold pieces
 36970 | D:11     | Reached skill level 1 in Shields
 37198 | D:11     | Noticed Harold
 37208 | D:11     | Killed Harold
 37838 | D:12     | Received a gift from Trog
 39245 | D:12     | Received a gift from Trog
 39745 | D:13     | Reached skill level 5 in Shields
 39820 | D:13     | Reached XP level 15. HP: 115/115 MP: 28/28
 39834 | D:13     | Found a gate to the Vaults.
 40204 | D:14     | Received a gift from Trog
 40426 | D:14     | Noticed Louise
 40436 | D:14     | Killed Louise
 40535 | D:14     | Found a frozen archway.
 40559 | IceCv    | Entered an ice cave
 40938 | D:14     | Found a glowing silver altar of Zin.
 40973 | D:14     | Received a gift from Trog
 40989 | D:14     | Noticed Josephine
 41075 | D:14     | Killed Josephine
 41339 | D:14     | Got an encrusted ring mail
 41340 | D:14     | Identified the +0 ring mail "Smouqir" {+Fly rC++ Stlth+} (You found it on level 14 of the Dungeon)
 41375 | D:14     | Noticed Azrael
 41423 | D:15     | Entered Level 15 of the Dungeon
 41920 | D:15     | Reached skill level 1 in Armour
 41945 | D:15     | Received a gift from Trog
 42593 | D:15     | Found a staircase to the Depths.
 42690 | D:15     | Received a gift from Trog
 43555 | Lair:2   | Received a gift from Trog
 43890 | Lair:2   | Killed Vidiiot's ghost
 44056 | Snake:1  | Entered Level 1 of the Snake Pit
 45129 | Snake:2  | HP: 1/115 [salamander/spear (15)]
 45138 | Snake:2  | Slain by a guardian serpent

Action                   |  1- 3 |  4- 6 |  7- 9 | 10-12 | 13-15 || total
-------------------------+-------+-------+-------+-------+-------++-------
Melee: Dagger            |    85 |   257 |   610 |  1891 |   605 ||  3448
       Short sword       |       |       |   275 |   170 |       ||   445
       Knife             |       |       |       |       |  2182 ||  2182
       Quick blade       |       |       |       |       |    49 ||    49
 Fire: Hunting sling     |    59 |       |       |       |       ||    59
       Blowgun           |       |       |       |       |     1 ||     1
Invok: Brothers in Arms  |       |       |       |     8 |    13 ||    21
       Trog's Hand       |       |       |       |     1 |     3 ||     4
       Burn Spellbooks   |       |       |       |     1 |       ||     1
 Abil: Evoke Invisibilit |       |       |       |    17 |    49 ||    66
Evoke: Wand              |       |    10 |    10 |    18 |    11 ||    49
       Lamp of fire      |       |       |       |       |     2 ||     2
  Use: Scroll            |     1 |     2 |     3 |    16 |    10 ||    32
 Stab: Sleeping          |       |       |     1 |    42 |   149 ||   192
       Paralysed         |       |       |     1 |     1 |       ||     2
       Distracted        |       |       |       |     4 |     7 ||    11
       Invisible         |       |       |       |    24 |   100 ||   124
